 Dungeon Crawl Stone Soup version 0.29.1-15-g9cfb28693d (webtiles) character file.

Game seed: 4274789490807550920

147 javelincjr the Magician (level 5, -1/39 HPs)
             Began as a Djinni Summoner on Apr 26, 2023.
             Was a Priest of Zin.
             Slain by a quokka (3 damage)
             ... summoned by Dagodon's ghost
             ... on level 3 of the Dungeon.
             The game lasted 00:15:15 (4069 turns).

javelincjr the Magician (Djinni Summoner)           Turns: 4069, Time: 00:15:16

Health: -1/39      AC:  3    Str:  7    XL:     5   Next: 54%
Gold:   181        EV: 13    Int: 18    God:    Zin [***...] SH:  0 Dex: 14

rFire   + + .      SeeInvis .   d - +0 dagger (venom)
rCold   x . .      Faith    .   (no shield)
rNeg    . . .      Spirit   .   a - +0 robe
rPois   ∞          Reflect  .   (no helmet)
rElec   .          Harm     .   (no cloak)
rCorr   .          Rampage  .   r - +0 pair of gloves
Will    .....                   (boots unavailable)
Stlth   ++........              (no amulet)
HPRegen 0.13/turn               (no ring)
MPRegen 0.00/turn               (no ring)

@: flying
A: sickness immunity, fire resistance 2, cold vulnerability 1, float, innate
caster, HP casting, extra vitality 1
a: Renounce Religion, Recite, Vitalisation, Imprison, Donate Gold


You were on level 3 of the Dungeon.
You worshipped Zin.
Zin was most pleased with you.
You visited 1 branch of the dungeon, and saw 3 of its levels.

You collected 201 gold pieces.
You donated 20 gold pieces to Zin.

Inventory:

Hand Weapons
 d - a +0 dagger of venom (weapon)
Armour
 a - a +0 robe (worn)
 r - a +0 pair of gloves (worn)
Magical Staves
 o - a staff of earth
Jewellery
 m - a ring of wizardry
 t - a ring of protection from cold
Scrolls
 c - 6 scrolls of identify {unknown}
 f - a scroll of magic mapping {unknown}
 h - a scroll of fog {unknown}
 k - a scroll of enchant armour {unknown}
 l - a scroll of enchant weapon {unknown}
 p - 3 scrolls of teleportation {unknown}
 s - a scroll of noise {unknown}
Potions
 b - 3 potions of heal wounds {unknown}
 e - a potion of flight {unknown}
 g - a potion of brilliance {unknown}
 i - a potion of resistance {unknown}
 j - a potion of might {unknown}
 n - 2 potions of haste {unknown}
 q - a potion of attraction {unknown}
 u - a potion of mutation {unknown}


   Skills:
 * Level 2.6 Fighting
 + Level 1.8 Armour
 + Level 3.1 Dodging
 - Level 1.5 Stealth
 * Level 3.9 Spellcasting


You couldn't memorise any spells.
You knew the following spells:

 Your Spells              Type           Power      Damage    Failure   Level
a - Summon Small Mammal   Summ           68%        N/A       3%          1
b - Call Imp              Summ           17%        N/A       4%          2
c - Call Canine Familiar  Summ           17%        N/A       9%          3
d - Summon Guardian Gole  Hex/Summ       17%        N/A       9%          3
e - Summon Lightning Spi  Summ/Air       17%        N/A       30%         4
f - Slow                  Hex            68%        N/A       3%          1
g - Wereblood             Tmut           17%        N/A       4%          2
Your spell library was empty.

Dungeon Overview and Level Annotations

Branches:
Dungeon (3/15)

Altars:
Zin

Annotations:
D:3 Dagodon's ghost, amateur DjVM


Innate Abilities, Weirdness & Mutations

You are immune to sickness and miasma.
You are immune to poison.
Your flesh is very heat resistant. (rF++)
You are vulnerable to cold. (rC-)
You float through the air rather than walking.
You learn spells naturally, not from books.
Your magical power is your life essence.
You have superior vitality. (+4 MHP)


Message History

The rat misses your quokka. The river rat bites your bat.
Dagodon's ghost closely misses you.
You hit Dagodon's ghost but do no damage.
Dagodon's ghost is lightly damaged.
Your bat hits Dagodon's ghost but does no damage.
Your quokka barely misses Dagodon's ghost.
Your bat hits the river rat but does no damage.
The quokka barely misses you. The river rat bites you.
Your quokka closely misses Dagodon's ghost.
The rat barely misses your quokka. Dagodon's ghost hits you.
You hit Dagodon's ghost but do no damage.
Dagodon's ghost is lightly damaged.
Your bat misses Dagodon's ghost. The quokka closely misses you.
Your quokka closely misses Dagodon's ghost.
The river rat bites you. Dagodon's ghost barely misses you.
The rat bites your quokka.
You hit Dagodon's ghost but do no damage.
Dagodon's ghost is lightly damaged.
Your bat barely misses Dagodon's ghost.
Your bat hits the river rat but does no damage.
The quokka closely misses you.
Your quokka bites the river rat but does no damage.
The river rat bites you!
* * * LOW HITPOINT WARNING * * *
Dagodon's ghost hits you.
* * * LOW HITPOINT WARNING * * *
The rat bites your quokka. The river rat attacks as you move away!
The river rat bites you.
* * * LOW HITPOINT WARNING * * *
Dagodon's ghost attacks as you move away!
Dagodon's ghost closely misses you.
Your guardian golem disappears in a puff of smoke!
Your bat closely misses Dagodon's ghost.
Your bat hits Dagodon's ghost but does no damage.
Your quokka bites the river rat but does no damage.
The river rat misses your quokka. Dagodon's ghost hits your bat.
Your bat dies!
Your bat's corpse disappears in a puff of smoke!
The quokka bites you.
You die...

..PP♣#########.#.....((#.#####.##
##..# #.#..(....#.# #.#< ....#
#.#....(..#.# #.#. ....♣#
######.#.(....(#.# #.#. ...#.#
#......###'''###.# #... ..♣P###
#...)....§.....#.# #### #♣♣##.#
#.....rrW........#
#####.#########.r§....###########
..............>r@r...............
......#.....##..#.###.###########
......#.....##..#.# #.#
....###.....+...#.# #.#
###.........##..#.# #.#
##............#.###.#
#.#####.###..)...#.# ####)# #.#
#......#<# ...#.# #.# #......###


You could see Dagodon's ghost (unaware), 2 river rats, a quokka (summoned), a
rat (summoned) and a friendly quokka (summoned).

Vanquished Creatures
  A hound (D:3)
  Terence (D:3)
  An adder (D:2)
  A dart slug (D:2)
  4 ball pythons
  6 bats
  3 endoplasms
  A giant cockroach (D:2)
  7 hobgoblins
  5 frilled lizards
  4 goblins
  3 kobolds
  6 rats
  4 bushes (D:3)
47 creatures vanquished.

Vanquished Creatures (collateral kills)
  An adder (D:2)
  A worm (D:2)
  A dart slug (D:2)
  A bat (D:2)
  2 endoplasms
  6 goblins
  6 kobolds (D:3)
  3 ball pythons
  5 frilled lizards
  3 rats
29 creatures vanquished.

Vanquished Creatures (others)
  14 plants (D:3)
14 creatures vanquished.

Grand Total: 90 creatures vanquished

Notes
Turn   | Place    | Note
-------+----------+-------------------------------------------
     0 | D:1      | javelincjr the Djinni Summoner began the quest for the Orb.
     0 | D:1      | javelincjr set off with the following spells memorised:
                  | Summon Small Mammal, Call Imp, Call Canine Familiar, Summon
                  | Guardian Golem, Summon Lightning Spire.
     0 | D:1      | Reached XP level 1. HP: 15/15 MP: 0/0
   396 | D:1      | Found a faded altar of an unknown god.
   427 | D:1      | Prayed at the altar of an unknown god.
   427 | D:1      | Became a worshipper of Zin the Law-Giver
   427 | D:1      | Reached * piety under Zin
   440 | D:1      | Reached XP level 2. HP: 20/22 MP: 0/0
   689 | D:1      | Reached ** piety under Zin
  1079 | D:1      | Reached skill level 1 in Fighting
  1253 | D:1      | Reached XP level 3. HP: 24/27 MP: 0/0
  1253 | D:1      | Learned a level 1 spell: Slow
  1443 | D:2      | Reached skill level 1 in Armour
  1720 | D:2      | HP: 1/27 [bat (1)]
  2197 | D:2      | Reached XP level 4. HP: 30/32 MP: 0/0
  2429 | D:2      | Reached *** piety under Zin
  2855 | D:3      | Noticed Terence
  2866 | D:3      | Killed Terence
  2867 | D:3      | Reached XP level 5. HP: 24/38 MP: 0/0
  2867 | D:3      | Learned a level 2 spell: Wereblood
  3437 | D:3      | Found a runed translucent gate.
  3437 | D:3      | Found a runed translucent gate.
  3437 | D:3      | Found a runed translucent gate.
  3443 | D:3      | Noticed Dagodon's ghost (amateur DjVM)
  4069 | D:3      | Slain by a quokka

Illustrated notes

Levels and vault maps discovered:
D:1:      matt_arrival_grand_opening, layout_loops_ring,
          dreamdust_ecumenical_altar_angels_and_demons
D:2:      layout_basic, minmay_three_crescents
D:3:      layout_basic, ebering_ghost_rock_garden, lexackson_kobold_supper,
          uniq_terence

Skill      XL: |  1  2  3  4  5 |
---------------+----------------+-----
Fighting       | 1 2 |  2.6
Armour         | 1 |  1.8
Dodging        | 3 |  3.1
Stealth        | |  1.5
Spellcasting   | |  3.9

Action                   |  1- 3 |  4- 6 || total
-------------------------+-------+-------++-------
Melee: Dagger            |    69 |   218 ||   287
       Punch             |       |     3 ||     3
 Cast: Summon Small Mamm |    34 |    22 ||    56
       Call Canine Famil |       |     7 ||     7
       Summon Guardian G |       |     3 ||     3
 Stab: Sleeping          |     3 |     1 ||     4
       Distracted        |     1 |       ||     1
Armor: Robe              |    14 |    14 ||    28
Dodge: Dodged            |    38 |    59 ||    97
